 Dungeon Crawl Stone Soup version 0.25-a0-362-g90ccd6aac3 (webtiles) character file.

Game seed: 11526922387419543392, levelgen mode: deterministic

106201 Napalmbreeze the Severer (level 15, -2/152 HPs)
             Began as a Deep Dwarf Gladiator on Jan 4, 2020.
             Was the Champion of Makhleb.
             Slain by a mana viper (14 damage)
             ... on level 3 of the Snake Pit.
             The game lasted 01:04:23 (21555 turns).

Napalmbreeze the Severer (Deep Dwarf Gladiator)    Turns: 21555, Time: 01:04:23

Health: -2/152     AC: 30    Str: 23    XL:     15   Next: 96%
Magic:  7/15       EV: 11    Int: 12    God:    Makhleb [******]
Gold:   1234       SH: 15    Dex: 15    Spells: 14/14 levels left

rFire    + . .     SeeInvis +   P - +2 broad axe (flame)
rCold    + . .     Gourm    .   w - +2 shield {rF+}
rNeg     + + .     Faith    .   K - +9 plate armour of Summertime {rElec rC+ rN+ MR-}
rPois    .         Spirit   .   x - +1 helmet {SInv}
rElec    +         Reflect  +   (no cloak)
rCorr    .         Harm     .   (no gloves)
MR       +....                  c - +1 pair of boots
Stlth    ..........             R - +3 amulet of reflection
HPRegen  0.00/turn              L - ring of the Octopus King {AC+1 EV+1 Str+1 Int+1 Dex+1 Stlth+}
MPRegen  0.14/turn              a - +3 ring of evasion

@: lethally poisoned (-2 -> -11), non-regenerating
A: damage resistance, heal wounds, negative energy resistance 1, sense
surroundings 2, no regeneration
a: Heal Wounds, Minor Destruction, Lesser Servant of Makhleb, Major Destruction,
Greater Servant of Makhleb, Renounce Religion


You were on level 3 of the Snake Pit.
You worshipped Makhleb.
Makhleb was exalted by your worship.
You were not hungry.

You visited 4 branches of the dungeon, and saw 25 of its levels.
You also visited: Ossuary.

You collected 1612 gold pieces.
You spent 378 gold pieces at shops.

Inventory:

Hand Weapons
 M - a +2 war axe of freezing
 P - a +2 broad axe of flaming (weapon)
Missiles
 d - 7 throwing nets (quivered)
Armour
 c - a +1 pair of boots (worn)
 w - a +2 shield of fire resistance (worn)
 x - a +1 helmet of see invisible (worn)
 K - the +9 plate armour of Summertime (worn) {rElec rC+ rN+ MR-}
   (You found it on level 14 of the Dungeon)

   It protects you from cold.
   It insulates you from electricity.
   It protects you from negative energy.
   It affects your resistance to hostile enchantments.
Jewellery
 a - a +3 ring of evasion (right hand)
 k - an uncursed ring of protection from fire
 o - an uncursed ring of flight
 L - a ring of the Octopus King (left hand) {AC+1 EV+1 Str+1 Int+1 Dex+1 Stlth+}
   (You found it on level 2 of the Lair of Beasts)

   [ring of stealth]

   It affects your AC (+1).
   It affects your evasion (+1).
   It affects your strength (+1).
   It affects your intelligence (+1).
   It affects your dexterity (+1).
   It makes you more stealthy.
 R - a +3 amulet of reflection (around neck)
Wands
 h - a wand of scattershot (4)
 E - a wand of disintegration (8)
 H - a wand of iceblast (12)
 O - a wand of acid (9)
Scrolls
 b - 12 scrolls of remove curse
 j - 6 scrolls of fear
 n - 2 scrolls of magic mapping
 p - 9 scrolls of teleportation
 t - 5 scrolls of enchant weapon
 y - a scroll of identify
 A - a scroll of holy word
 B - 4 scrolls of blinking
 J - a scroll of random uselessness {unknown}
 S - 3 scrolls of fog
 X - 2 scrolls of vulnerability {unknown}
 Y - a scroll of silence {unknown}
Potions
 e - 7 potions of flight
 g - 9 potions of haste
 i - 12 potions of curing
 l - 2 potions of lignification
 m - 2 potions of invisibility {unknown}
 q - 3 potions of cancellation {unknown}
 r - 3 potions of mutation
 s - a potion of brilliance
 u - 8 potions of heal wounds
 v - 6 potions of agility
 C - a potion of ambrosia {unknown}
 F - a potion of might {unknown}
 V - 2 potions of berserk rage {unknown}
 W - 3 potions of resistance
Miscellaneous
 z - a phantom mirror
Comestibles
 f - 38 rations


   Skills:
 + Level 14.5 Fighting
 - Level 18.0 Axes
 - Level 1.7 Throwing
 - Level 12.0 Armour
 - Level 4.0 Dodging
 - Level 5.7 Stealth
 - Level 4.2 Shields
 + Level 14.5 Invocations


You had 14 spell levels left.
You didn't know any spells.
Your spell library contained the following spells:

 Spells                   Type           Power        Failure   Level  Hunger
 Beastly Appendage        Tmut           #.....       100%        1    ##.....
 Magic Dart               Conj           #...         100%        1    ##.....
 Sandblast                Erth           #.....       100%        1    ##.....
 Shock                    Conj/Air       #...         100%        1    ##.....
 Summon Small Mammal      Summ           #...         100%        1    ##.....
 Call Imp                 Summ           #.......     100%        2    ###....
 Passwall                 Tmut/Erth      #.......     100%        2    ###....
 Searing Ray              Conj           #.....       100%        2    ###....
 Sticks to Snakes         Tmut           #.......     100%        2    ###....
 Swiftness                Chrm/Air       #.......     100%        2    ###....
 Call Canine Familiar     Summ           #.......     100%        3    ####...
 Dazzling Flash           Conj/Hex       #.....       100%        3    ####...
 Spider Form              Tmut/Pois      #.........   100%        3    ####...
 Static Discharge         Conj/Air       #.......     100%        3    ####...
 Stone Arrow              Conj/Erth      #.....       100%        3    ####...
 Summon Guardian Golem    Hex/Summ       #.......     100%        3    ####...
 Airstrike                Air            #.........   100%        4    #####..
 Fulminant Prism          Conj/Hex       #.........   100%        4    #####..
 Ice Form                 Ice/Tmut       #.......     100%        4    #####..
 Iskenderun's Mystic Bla  Conj/Tloc      #.......     100%        4    #####..
 Petrify                  Tmut/Erth      #.......     100%        4    #####..
 Summon Ice Beast         Ice/Summ       #.......     100%        4    #####..
 Summon Lightning Spire   Summ/Air       #.......     100%        4    #####..
 Blade Hands              Tmut           #.........   100%        5    ######.
 Bolt of Magma            Conj/Fire/Erth #.........   100%        5    ######.
 Iskenderun's Battlesphe  Conj/Chrm      #.......     100%        5    ######.
 Lee's Rapid Deconstruct  Erth           #.........   100%        5    ######.
 Lightning Bolt           Conj/Air       #.........   100%        5    ######.
 Iron Shot                Conj/Erth      #.........   100%        6    #######
 Orb of Destruction       Conj           #.........   100%        7    #######
 Spellforged Servitor     Conj/Summ      #.........   100%        7    #######


Dungeon Overview and Level Annotations

Branches:
Dungeon (15/15)            Temple (1/1) D:4            Lair (6/6) D:10
 Shoals (0/4) Lair:3        Snake (3/4) Lair:2        Slime (0/5) Lair:6
    Orc (0/2) D:10         Vaults (0/5) D:13         Depths (0/5) D:15
Ossuary (visited)

Altars:
Cheibriados
Dithmenos
Elyvilon
Fedhas
Gozag
Hepliaklqana
Kikubaaqudgha
Makhleb
Nemelex Xobeh
Okawaru
Qazlal
Ru
Sif Muna
Trog
Uskayaw
Vehumet
Xom
Yredelemnul
Zin
The Shining One
Jiyva

Shops:
D:4 !   D:10 [*   Snake:1 %

Annotations:
D:10 1 runed translucent door, astraldaughter's ghost, novice GnNe
Lair:1 1 exclusion
Lair:4 exclusion: 3 oklob plants


Innate Abilities, Weirdness & Mutations

You are resistant to damage.
You can heal yourself by infusing magical energy.
You resist negative energy. (rN+)
You passively map the area around you.
You do not regenerate.


Message History

The black mamba poisons you! You block the black mamba's attack.
You block the mana viper's attack.
You hit the mana viper. You burn the mana viper.
The mana viper is heavily wounded.
You hit the black mamba but do no damage.
You feel sick. The black mamba misses you. You block the mana viper's attack.
The black mamba bites you but does no damage.
Unknown command.
You hit the mana viper. You burn the mana viper.
The mana viper is heavily wounded.
You slash the black mamba! You burn the black mamba.
You feel sick.
The mana viper bites you but does no damage.
You block the black mamba's attack.
Unknown command.
You hit the mana viper. You burn the mana viper.
The mana viper is heavily wounded.
You miss the black mamba.
You feel sick. The black mamba bites you.
* * * LOW HITPOINT WARNING * * *
The mana viper bites you!
You die...

#....#########...#####...#
#.#.(...# ##### #####
#..#)...# #.......########
#..............#
###........##.###.,
##...#.(..#..... *
##.........# #....S@....#
* , #....S##..##
#....S...## ** ###.S....##
,, #..#....# * * #..#....#
*, , #..#....#* .., ,
###.....####..# *
#.......<....#


You could see 3 mana vipers and a black mamba.

Vanquished Creatures
  Rupert (D:12)
  A nagaraja (Snake:2)
  An ironheart preserver (D:13)
  An ettin (shapeshifter) (D:15)
  4 naga warriors
  A rakshasa (D:15)
  5 hydras
  7 two-headed ogres
  4 centaur warriors
  A tengu warrior (D:13)
  Nergalle (D:11)
  6 naga sharpshooters
  7 shock serpents
  An unseen horror (D:14)
  A glowing orange brain (D:15)
  2 naga ritualists (Snake:3)
  3 deep elf magi
  A wizard (D:15)
  An orc knight (D:15)
  A wolf spider (Lair:6)
  3 mana vipers (Snake:1)
  5 cyclopes
  3 salamanders (Snake:2)
  2 wolf spider zombies
  2 ugly things (D:15)
  6 elephants (Lair:2)
  A black mamba (shapeshifter) (D:15)
  3 manticores
  2 guardian serpents
  24 black mambas
  11 naga magi
  A gargoyle (D:14)
  A spiny frog (shapeshifter) (D:13)
  2 rust devils
  12 spiny frogs
  5 centaur skeletons
  A freezing wraith (D:14)
  5 komodo dragons
  A rime drake (Lair:6)
  An efreet (D:15)
  6 meliai
  A wind drake (shapeshifter) (D:15)
  6 hornets
  A polar bear (Lair:4)
  A queen bee (D:15)
  A merfolk (D:9)
  5 trolls
  Prince Ribbit (D:6)
  12 blink frogs
  A snapping turtle (Lair:3)
  15 slime creatures
  5 hippogriffs
  Sigmund (D:3)
  2 redbacks (Lair:6)
  8 spriggans (Lair:1)
  A wraith (D:12)
  11 wyverns
  62 yaks
  3 basilisks
  A hungry ghost (D:15)
  9 vampire mosquitoes
  Grum (D:8)
  A warg (D:10)
  4 acid dragons
  24 nagas
  28 water moccasins
  6 ice beasts
  8 porcupines
  A meliai simulacrum (D:15)
  Purgy (D:4)
  A phantom (D:6)
  5 sky beasts
  6 orc warriors
  2 black bears
  An ogre (shapeshifter) (D:15)
  2 necrophages
  8 wolves
  6 ogres
  13 centaurs
  11 crocodiles
  2 big kobolds
  27 bullfrogs
  A gnoll sergeant (D:8)
  3 water moccasin zombies (Ossuary)
  5 scorpions
  18 killer bees
  A howler monkey (D:6)
  5 electric eels
  15 crimson imps
  A bullfrog zombie (D:6)
  2 centaur zombies
  A quasit (D:15)
  A gnoll shaman (D:5)
  9 hounds
  3 jellies
  6 orc wizards
  5 orc priests
  3 bullfrog skeletons
  2 iguanas
  15 worker ants
  Terence (D:2)
  A killer bee zombie (D:5)
  7 big kobold zombies (Ossuary)
  2 hound skeletons
  2 mummies (Ossuary)
  11 gnolls
  21 adders
  2 shadow imps
  7 adder zombies
  2 adder skeletons
  3 worms
  6 dart slugs
  6 leopard geckos
  28 orcs
  A ball python (Snake:2)
  7 giant cockroaches
  2 gnoll zombies (Ossuary)
  8 hobgoblins
  6 jackals
  3 quokkas
  8 bats
  3 frilled lizards
  7 goblins
  A goblin zombie (D:4)
  5 hobgoblin zombies (Ossuary)
  14 kobolds
  6 kobold zombies (Ossuary)
  3 orc zombies (Ossuary)
  A quokka skeleton (D:5)
  A quokka zombie (D:4)
  7 rats
  10 fungi
  9 plants
749 creatures vanquished.

Vanquished Creatures (collateral kills)
  Snorg (D:9)
  Erica (D:11)
  Urug (D:10)
  A hippogriff (D:9)
  An orc warrior (D:10)
  2 wolves
  2 hounds (D:10)
  An orc wizard (D:10)
  A hound skeleton (D:9)
  An adder (D:10)
  An adder skeleton (D:9)
  An orc (D:10)
14 creatures vanquished.

Vanquished Creatures (others)
  A meliai (D:15)
  A slime creature (D:12)
  12 fungi
  13 plants
  4 toadstools (D:4)
31 creatures vanquished.

Grand Total: 794 creatures vanquished

Notes
Turn   | Place    | Note
-------+----------+-------------------------------------------
     0 | D:1      | Napalmbreeze the Deep Dwarf Gladiator began the quest for
                  | the Orb.
     0 | D:1      | Reached XP level 1. HP: 19/19 MP: 1/1
   227 | D:1      | Reached XP level 2. HP: 23/26 MP: 2/2
   521 | D:1      | Reached skill level 1 in Armour
   927 | D:2      | Noticed Terence
  1068 | D:2      | Reached XP level 3. HP: 27/32 MP: 3/3
  1089 | D:2      | Reached skill level 4 in Axes
  2045 | D:3      | Reached XP level 4. HP: 26/40 MP: 4/4
  2245 | D:3      | Noticed Sigmund
  2459 | D:3      | Found a glowing golden altar of the Shining One.
  2459 | D:3      | Found a shimmering altar of Xom.
  2464 | D:3      | Found an ancient bone altar of Kikubaaqudgha.
  2466 | D:3      | Found a faded altar of an unknown god.
  2467 | D:3      | Found a faded altar of an unknown god.
  2555 | D:3      | Found a white marble altar of Elyvilon.
  2637 | D:3      | Noticed Purgy
  2637 | D:3      | Noticed an ogre
  2673 | D:4      | Found Mata's Distillery.
  2682 | D:4      | Bought a potion of curing for 39 gold pieces
  2682 | D:4      | Bought a potion of degeneration for 13 gold pieces
  2717 | D:4      | Found a sand-covered staircase.
  2738 | Ossuary  | Entered an ossuary
  2798 | Ossuary  | Reached XP level 5. HP: 27/48 MP: 5/5
  2836 | Ossuary  | Reached skill level 1 in Stealth
  2857 | Ossuary  | Reached XP level 6. HP: 43/56 MP: 6/6
  2912 | Ossuary  | Reached skill level 5 in Stealth
  3001 | D:4      | Found a staircase to the Ecumenical Temple.
  3011 | Temple   | Entered the Ecumenical Temple
  3060 | Temple   | Became a worshipper of Makhleb the Destroyer
  3150 | D:4      | Found a glowing silver altar of Zin.
  3151 | D:4      | Found a stormy altar of Qazlal.
  3152 | D:4      | Found a hide-covered altar of Uskayaw.
  3153 | D:4      | Found a basalt altar of Yredelemnul.
  3153 | D:4      | Found a radiant altar of Vehumet.
  3155 | D:4      | Found a sparkling altar of Nemelex Xobeh.
  3156 | D:4      | Found a hazy altar of Hepliaklqana.
  3176 | D:4      | Found a burning altar of Makhleb.
  3232 | D:4      | Noticed a balrug
  3235 | D:4      | Noticed an orange demon
  3235 | D:4      | Noticed a hellwing
  3490 | D:5      | Entered Level 5 of the Dungeon
  3490 | D:5      | Noticed an ice beast
  3501 | D:5      | Reached XP level 7. HP: 38/62 MP: 7/7
  3561 | D:5      | Reached skill level 1 in Invocations
  3733 | D:5      | Reached skill level 5 in Axes
  3972 | D:5      | Reached XP level 8. HP: 36/69 MP: 10/10
  3973 | D:5      | Reached skill level 6 in Axes
  4033 | D:5      | Reached * piety under Makhleb
  4062 | D:5      | Reached skill level 5 in Armour
  4070 | D:5      | Got a crude short sword
  4073 | D:5      | Identified the cursed +2 short sword "Lyig" {flame, Dex+8
                  | Stlth-} (You found it on level 5 of the Dungeon)
  4466 | D:4      | Killed Purgy
  4466 | D:4      | Reached skill level 7 in Axes
  4523 | D:3      | Killed Sigmund
  4806 | D:2      | Killed Terence
  4806 | D:2      | Reached skill level 5 in Invocations
  4937 | D:4      | Bought a potion of agility for 52 gold pieces
  4937 | D:4      | Bought a potion of curing for 39 gold pieces
  5092 | D:6      | Noticed Prince Ribbit
  5234 | D:6      | Gained mutation: You passively map the area around you.
                  | [Deep Dwarf growth]
  5234 | D:6      | Reached XP level 9. HP: 69/80 MP: 10/10
  5286 | D:6      | Reached skill level 5 in Fighting
  5343 | D:6      | Reached ** piety under Makhleb
  5787 | D:6      | Killed Prince Ribbit
  6314 | D:7      | Found a hazy altar of Hepliaklqana.
  6673 | D:8      | Noticed a two-headed ogre
  6686 | D:8      | HP: 3/86 [two-headed ogre/+0 giant spiked club (25)]
  6689 | D:8      | Killed a two-headed ogre
  6714 | D:8      | Noticed a two-headed ogre
  6771 | D:8      | HP: 2/87 [ogre/+0 giant spiked club (6)]
  6804 | D:8      | HP: 4/88 [poisoned by an orc wizard]
  6816 | D:8      | Reached XP level 10. HP: 24/96 MP: 13/13
  6912 | D:8      | Killed a two-headed ogre
  6964 | D:8      | Noticed Grum
  6997 | D:8      | Killed Grum
  6999 | D:8      | HP: 3/98 [poisoned by Grum]
  7366 | D:8      | Reached skill level 1 in Shields
  7392 | D:8      | HP: 2/98 [killer bee (4)]
  7394 | D:8      | Reached *** piety under Makhleb
  7687 | D:9      | Found an opulent altar of Gozag.
  8087 | D:10     | Entered Level 10 of the Dungeon
  8094 | D:9      | Noticed a rust devil
  8094 | D:9      | Noticed a rust devil
  8113 | D:10     | Noticed Snorg
  8153 | D:9      | Killed Snorg
  8153 | D:9      | Reached skill level 8 in Axes
  8218 | D:10     | Found Widghu's Antique Armour Shop.
  8223 | D:10     | Found a runed translucent door.
  8225 | D:10     | Noticed astraldaughter's ghost (novice GnNe)
  8225 | D:10     | Noticed a catoblepas
  8241 | D:10     | Found a bloodstained altar of Trog.
  8254 | D:10     | Reached XP level 11. HP: 34/106 MP: 9/9
  8263 | D:10     | Noticed Urug
  8283 | D:10     | Killed Urug
  8323 | D:10     | Found Wuckeacu's General Store.
  8333 | D:10     | Bought a potion of heal wounds for 70 gold pieces
  8452 | D:10     | Reached skill level 9 in Axes
  8479 | D:10     | Found a staircase to the Orcish Mines.
  8693 | D:10     | Found a staircase to the Lair.
  8916 | D:11     | Paralysed by a hornet for 2 turns
  8926 | D:11     | HP: 2/106 [hornet (8)]
  9055 | D:11     | Noticed Nergalle
  9070 | D:11     | Killed Nergalle
  9197 | D:11     | Reached skill level 10 in Axes
  9321 | D:11     | Noticed Erica
  9331 | D:11     | Killed Erica
  9947 | D:9      | HP: 5/108 [rust devil (1)]
 10046 | Lair:1   | Entered Level 1 of the Lair of Beasts
 10136 | Lair:1   | Reached skill level 11 in Axes
 10165 | Lair:1   | Reached skill level 10 in Fighting
 10179 | Lair:1   | Reached **** piety under Makhleb
 10238 | Lair:1   | Reached skill level 12 in Axes
 10379 | Lair:1   | Reached XP level 12. HP: 116/116 MP: 8/8
 10423 | Lair:1   | Reached skill level 13 in Axes
 10969 | Lair:2   | Found a staircase to the Snake Pit.
 10980 | Lair:2   | Reached ***** piety under Makhleb
 11025 | Lair:2   | Reached skill level 14 in Axes
 11422 | Lair:2   | Got a clouded glass ring
 11526 | Lair:2   | Identified the ring of Kawkunye {rPois rF- Str+4 Dex+4}
                  | (You found it on level 2 of the Lair of Beasts)
 11604 | Lair:2   | Found the ring of the Octopus King
 11614 | Lair:2   | Got a ring of the Octopus King
 11616 | Lair:2   | Identified a ring of the Octopus King {AC+1 EV+1 Str+1
                  | Int+1 Dex+1 Stlth+} (You found it on level 2 of the Lair of
                  | Beasts)
 12541 | Lair:3   | Found a staircase to the Shoals.
 13022 | Lair:4   | Reached XP level 13. HP: 84/127 MP: 9/9
 13117 | Lair:4   | Reached skill level 10 in Armour
 14039 | Lair:5   | Found a burning altar of Makhleb.
 14080 | Lair:5   | Reached skill level 15 in Axes
 14391 | Lair:6   | Entered Level 6 of the Lair of Beasts
 14510 | Lair:6   | Found a viscous altar of Jiyva.
 14511 | Lair:6   | Found a staircase to the Slime Pits.
 15300 | Lair:6   | Reached ****** piety under Makhleb
 16323 | D:12     | Reached skill level 16 in Axes
 16356 | D:12     | Gained mutation: You resist negative energy. (rN+) [Deep
                  | Dwarf growth]
 16356 | D:12     | Reached XP level 14. HP: 134/138 MP: 10/10
 16464 | D:12     | Found a sparkling altar of Nemelex Xobeh.
 16709 | D:12     | Noticed Rupert
 16721 | D:12     | Killed Rupert
 17055 | D:13     | Found a gate to the Vaults.
 17055 | D:13     | Noticed an ironheart preserver
 17070 | D:13     | Killed an ironheart preserver
 17690 | D:13     | Reached skill level 10 in Invocations
 18066 | D:14     | Reached skill level 17 in Axes
 18396 | D:14     | Found a shadowy altar of Dithmenos.
 18589 | D:14     | Got a faintly glowing plate armour
 18600 | D:14     | Identified the +9 plate armour of Summertime {rElec rC+ rN+
                  | MR-} (You found it on level 14 of the Dungeon)
 18808 | D:15     | Entered Level 15 of the Dungeon
 19076 | D:15     | Reached XP level 15. HP: 50/147 MP: 13/13
 19222 | D:15     | Reached skill level 18 in Axes
 19439 | D:15     | Noticed a quicksilver dragon
 19441 | D:15     | Noticed a sphinx
 19441 | D:15     | a quicksilver dragon changed into a sphinx
 19442 | D:15     | Noticed an azure jelly
 19442 | D:15     | a sphinx changed into an azure jelly
 19443 | D:15     | Noticed a storm dragon
 19443 | D:15     | an azure jelly changed into a storm dragon
 19457 | D:15     | a storm dragon changed into a death yak
 19524 | D:15     | Found a staircase to the Depths.
 19716 | D:10     | Bought a runed helmet for 165 gold pieces
 19817 | Snake:1  | Entered Level 1 of the Snake Pit
 20158 | Snake:1  | Found a white marble altar of Elyvilon.
 20483 | Snake:1  | Found Pihiat's Food Emporium.
 20836 | Snake:2  | Noticed a nagaraja
 21028 | Snake:2  | Noticed a nagaraja
 21287 | Snake:2  | Killed a nagaraja
 21555 | Snake:3  | Slain by a mana viper

Levels and vault maps discovered:
D:1:      dpeg_arrival_water_temple_mockup, layout_basic
D:2:      layout_loops_ring, roderic_nine_men_s_morris, grunt_ministairs_11,
          minmay_tree_intersection, minivault_11, minmay_indecisive_spiral,
          uniq_terence
D:3:      layout_rooms, chequers_temple_overflow_minitemple,
          nicolae_overflow_crystal_walls, kennysheep_generic_room_2,
          uniq_sigmund, uniq_purgy
D:4:      layout_gridville, grunt_temple_overflow_open,
          minmay_temple_entry_water_ring, serial_shops, shop, enter_ossuary_4,
          minmay_gold_behind_fungi, chequers_avenue, makhleb_altar_promises_db
D:5:      minmay_clustersquares, layout_basic, first_ration
D:6:      wander_river, layout_loops_ring, uniq_prince_ribbit1
D:7:      layout_basic, basic_altar
D:8:      layout_rooms, uniq_grum
D:9:      cheibrodos_iron_armory, layout_rooms, lemuel_round_altar, minivault_5,
          hangedman_fish_farm
D:10:     layout_big_octagon, erik_lair_island, erik_orc_3, basic_altar,
          ebering_ghost_inner_flame, serial_shops, nicolae_shop_stone,
          kennysheep_mini, minmay_chambers_of_fives, uniq_snorg, uniq_urug
D:11:     layout_basic, dk_vineyard_2, uniq_erica, uniq_nergalle
D:12:     layout_loops_cross, basic_altar, uniq_rupert
D:13:     layout_roguey, skrybe_vaults_entry_preservation
D:14:     layout_loops_cross, chequers_serial_rivers_room_a,
          minmay_misc_feat_chi, nicolae_dithmenos_the_darkroom
D:15:     gammafunk_enter_depths_forms, layout_rooms, fountainhead, special_room
          [special_room_bee], grunt_potential
Temple:   compressed_dpeg_circular_temple
Lair:1:   kb_forest_paths, layout_long_grid
Lair:2:   layout_cave_pods, guppyfry_snake_entry_island,
          grunt_forest_small_clearings, minmay_holes, beast_lair_carwin_5
Lair:3:   layout_regular_city, minmay_shoals_entry_hut, grunt_megastairs_4,
          lemuel_fruit_tree
Lair:4:   layout_hall_layers, minmay_lair_oklob_chamber
Lair:5:   minmay_lair_venomous_thicket, layout_gridlike, basic_altar,
          cheibrodos_lair_caveside_slide, lemuel_fruit_fields,
          serial_bayou_shore_a
Lair:6:   hangedman_lair_tendril_chambers, layout_cave_pods, slime_altar_1
Snake:1:  layout_cave_shapes, basic_altar, serial_shops, shop_statue,
          grunt_ministairs_11
Snake:2:  layout_onion, minmay_snake_pond
Snake:3:  layout_misc_corridors

Skill      XL: |  1  2  3  4  5  6  7  8  9 10 11 12 13 14 15 |
---------------+----------------------------------------------+-----
Fighting       | 2 3 4 7 9 10 11 12 13 14 | 14.5
Armour         | 1 2 4 6 8 9 12 | 12.0
Axes           | 4 5 7 8 12 14 16 17 18 | 18.0
Dodging        | 4 |  4.0
Stealth        | 3 5 |  5.7
Invocations    | 3 6 8 11 14 | 14.5
Shields        | 4 |  4.2
Throwing       | |  1.7

Action                   |  1- 3 |  4- 6 |  7- 9 | 10-12 | 13-15 || total
-------------------------+-------+-------+-------+-------+-------++-------
Melee: War axe           |   136 |   207 |   380 |   209 |       ||   932
       Broad axe         |       |       |       |   548 |  1397 ||  1945
Invok: Minor Destruction |       |       |     5 |       |       ||     5
       Lesser Servant of |       |       |       |     9 |       ||     9
       Major Destruction |       |       |       |       |     5 ||     5
 Abil: Heal Wounds       |     1 |     3 |    15 |    22 |       ||    41
Evoke: Wand              |       |       |       |    10 |       ||    10
  Use: Scroll            |     1 |     3 |     3 |     8 |     7 ||    22
       Potion            |       |       |     1 |     2 |     1 ||     4
 Stab: Sleeping          |       |     4 |    15 |       |       ||    19
       Distracted        |       |       |     1 |       |       ||     1
  Eat: Chunk             |     4 |     3 |     6 |    17 |    23 ||    53
       Ration            |       |     1 |     1 |     1 |     2 ||     5
Armor: Ring mail         |    54 |   104 |    44 |       |       ||   202
       Scale mail        |       |       |   138 |       |       ||   138
       Plate armour      |       |       |    24 |   553 |   558 ||  1135
Dodge: Dodged            |    72 |   174 |   297 |   435 |   554 ||  1532
Block: Buckler           |       |       |       |   230 |   213 ||   443
       Reflection        |       |       |       |       |    47 ||    47
       Shield            |       |       |       |       |   590 ||   590

Table legend:
 A = Non-vault XP
 B = Vault XP
 C = Vault XP percentage of total XP
 D = Non-vault monster count
 E = Vault monster count
 F = Vault count percentage of total count
                 A         B        C        D         E       F
            +---------+---------+-------+---------+---------+-------
      Total |  107389 |   44327 |  29.2 |     510 |     236 |  31.6
            +---------+---------+-------+---------+---------+-------
        D:1 |      27 |       0 |   0.0 |      16 |       0 |   0.0
        D:2 |      57 |      41 |  41.8 |      19 |       6 |  24.0
        D:3 |     190 |     233 |  55.1 |      17 |       2 |  10.5
        D:4 |      51 |     133 |  72.3 |       3 |       4 |  57.1
        D:5 |     856 |     313 |  26.8 |      24 |      11 |  31.4
        D:6 |    1134 |     274 |  19.5 |      28 |       1 |   3.4
        D:7 |     586 |       0 |   0.0 |       8 |       0 |   0.0
        D:8 |    2919 |     406 |  12.2 |      26 |       3 |  10.3
        D:9 |     996 |    2022 |  67.0 |       9 |       9 |  50.0
       D:10 |    1175 |    2225 |  65.4 |      20 |      25 |  55.6
       D:11 |     712 |    1489 |  67.7 |       5 |       2 |  28.6
       D:12 |    8221 |    2900 |  26.1 |      37 |       1 |   2.6
       D:13 |    4551 |    4118 |  47.5 |      29 |       9 |  23.7
       D:14 |   10842 |       0 |   0.0 |      37 |       0 |   0.0
       D:15 |   11411 |   11355 |  49.9 |      35 |      40 |  53.3
     Lair:1 |    5589 |    3192 |  36.4 |      28 |      15 |  34.9
     Lair:2 |    6162 |    1327 |  17.7 |      24 |      10 |  29.4
     Lair:3 |    3801 |     728 |  16.1 |      19 |       2 |   9.5
     Lair:4 |    2427 |     187 |   7.2 |      13 |       1 |   7.1
     Lair:5 |    2480 |    1141 |  31.5 |      12 |      13 |  52.0
     Lair:6 |    8450 |   10273 |  54.9 |      30 |      38 |  55.9
    Snake:1 |   14841 |     956 |   6.1 |      31 |       2 |   6.1
    Snake:2 |   12634 |     502 |   3.8 |      27 |       8 |  22.9
    Snake:3 |    7277 |       0 |   0.0 |      13 |       0 |   0.0
    Ossuary |       0 |     512 | 100.0 |       0 |      34 | 100.0
            +---------+---------+-------+---------+---------+-------
